 Dungeon Crawl Stone Soup version 0.30-a0-643-g638baaf3f0 (webtiles) character file.

Game seed: 11428809544826932365

2725 Citaku the Protected (level 9, -2/79 HPs)
             Began as a Minotaur Fighter on Jan 16, 2023.
             Was an Initiate of Gozag.
             Slain by a troll (9 damage)
             ... on level 7 of the Dungeon.
             The game lasted 00:08:49 (6039 turns).

Citaku the Protected (Minotaur Fighter)             Turns: 6039, Time: 00:08:50

Health: -2/79      AC: 13    Str: 24    XL:     9   Next: 40%
Magic:  8/8        EV:  9    Int:  5    God:    Gozag
Gold:   607        SH:  5    Dex: 11    Spells: 8/8 levels left

rFire   + . .      SeeInvis .    d - +0 broad axe (flame)
rCold   . . .      Faith    .    c - +0 buckler
rNeg    . . .      Spirit   .    b - +0 scale mail
rPois   .          Reflect  .    (helmet restricted)
rElec   .          Harm     .    w - +2 cloak
rCorr   .          Rampage  .    u - +0 pair of gloves
Will    .....                    (no boots) Stlth
                                 (no amulet)
HPRegen 0.33/turn                k - ring of protection from fire
MPRegen 0.11/turn                (no ring)

@: no status effects
A: horns 2, retaliatory headbutt
a: Renounce Religion, Potion Petition, Call Merchant, Bribe Branch


You were on level 7 of the Dungeon.
You worshipped Gozag.
Gozag was pleased with you.
You visited 2 branches of the dungeon, and saw 9 of its levels.

You collected 704 gold pieces.
You paid 97 gold pieces to Gozag.

Inventory:

Hand Weapons
 d - a +0 broad axe of flaming (weapon)
Armour
 b - a +0 scale mail (worn)
 c - a +0 buckler (worn)
 u - a +0 pair of gloves (worn)
 w - a +2 cloak (worn)
Jewellery
 k - a ring of protection from fire (left hand)
Wands
 p - a wand of polymorph (15)
 y - a wand of roots (8)
 C - a wand of acid (11)
Scrolls
 a - 3 scrolls of magic mapping
 f - 6 scrolls of teleportation {unknown}
 g - a scroll of immolation {unknown}
 l - 3 scrolls of enchant armour
 m - a scroll of noise {unknown}
 n - 2 scrolls of blinking {unknown}
 o - 7 scrolls of identify {unknown}
 q - a scroll of torment {unknown}
 s - a scroll of fear {unknown}
 t - a scroll of poison {unknown}
 x - 2 scrolls of fog {unknown}
 E - a scroll of amnesia {unknown}
Potions
 e - 2 potions of mutation {unknown}
 h - 2 potions of brilliance {unknown}
 i - 3 potions of attraction {unknown}
 j - 4 potions of curing {unknown}
 r - 2 potions of berserk rage {unknown}
 v - a potion of resistance {unknown}
 z - 2 potions of magic {unknown}
 A - 2 potions of heal wounds {unknown}
 B - a potion of invisibility {unknown}
 F - 2 potions of ambrosia {unknown}


   Skills:
 + Level 7.2 Fighting
 * Level 9.3 Axes
 * Level 9.7 Armour
 + Level 7.2 Shields


You had 8 spell levels left.
You didn't know any spells.
Your spell library contained the following spells:

 Spells                   Type           Power      Damage    Failure   Level
 Freeze                   Ice            0%         1d3       80%         1
 Sublimation of Blood     Necr           0%         N/A       91%         2
 Dazzling Flash           Conj/Hex       0%         N/A       99%         3
 Frozen Ramparts          Ice            0%         1d1       99%         3
 Hailstorm                Conj/Ice       0%         3d3       99%         3
 Iskenderun's Mystic Bla  Conj/Tloc      0%         2d3       100%        4
 Petrify                  Tmut/Erth      0%         N/A       100%        4
 Irradiate                Conj/Tmut      0%         3d11      100%        5
 Summon Forest            Summ/Tloc      0%         N/A       100%        5
 Eringya's Noxious Bog    Tmut/Pois      0%         N/A       100%        6
 Starburst                Conj/Fire      0%         6d3       100%        6
 Summon Hydra             Summ           0%         N/A       100%        7


Dungeon Overview and Level Annotations

Branches:
Dungeon (8/15)             Temple (1/1) D:6
   Lair: D:8-11

Altars:
Ashenzari
Cheibriados
Dithmenos
Elyvilon
Fedhas
Gozag
Hepliaklqana
Makhleb
Nemelex Xobeh
Okawaru
Qazlal
Ru
Sif Muna
Trog
Uskayaw
Vehumet
Wu Jian
Xom
Yredelemnul
Zin
The Shining One

Shops:
D:3 (:=(


Innate Abilities, Weirdness & Mutations

You have a pair of horns on your head.
You reflexively headbutt those who attack you in melee.


Message History

You slash the troll! You burn the troll.
The troll is severely wounded.
You slash the white imp! You burn the white imp!
You kill the white imp!
The troll barely misses you. You block the troll's attack.
The troll claws you but does no damage.
You hit the troll but do no damage.
The troll is severely wounded.
The troll bites you. The troll claws you! The troll claws you.
You hit the troll but do no damage. Your headbutt misses the troll.
The troll is heavily wounded.
The troll bites you but does no damage. The troll claws you but does no damage.
The troll claws you.
* * * LOW HITPOINT WARNING * * *
You barely miss the troll.
The troll is heavily wounded.
You block the troll's attack. The troll claws you!
* * * LOW HITPOINT WARNING * * *
The troll claws you.
* * * LOW HITPOINT WARNING * * *
The troll barely misses you. x2; You block the troll's attack.
You climb upwards.
There is a stone staircase leading down here.
The troll attacks as you move away! The troll bites you but does no damage.
You block the troll's attack. The troll barely misses you.
The troll attacks as you move away! You block the troll's attack.
The troll claws you.
* * * LOW HITPOINT WARNING * * *
The troll closely misses you.
Okay, then.
As you read the scroll labelled INIMAJ EJELEQ, it crumbles to dust.
You feel momentarily disoriented.
It was a scroll of magic mapping.
The troll bites you but does no damage. The troll claws you but does no damage.
The troll closely misses you.
As you read the scroll labelled ZEZOAC RUNI, it crumbles to dust.
It is a scroll of enchant armour.
Your +1 cloak glows green for a moment.
The troll barely misses you. The troll claws you!
You die...
Your body crumbles into a pile of gold.

#########
###.......#
#.........#
#.........#
#.........##########
#..>T@.............#
#
#.........########.#
# ###.......# #.# #
#.####### #.### #.#
#.... #.# ##### #.#
#.# ###### #.#
#.....


You could see a troll.

Vanquished Creatures
  Maggie (D:6)
  Sigmund (D:4)
  2 black bears
  A water moccasin (D:7)
  An ice beast (D:8)
  3 ogres
  2 sky beasts (D:6)
  A centaur (D:5)
  2 kobold brigands
  5 wights (D:8)
  4 electric eels (D:8)
  4 crimson imps (D:5)
  5 hounds
  4 orc priests
  Crazy Yiuf (D:5)
  Ijyb (D:3)
  4 iguanas
  6 orc wizards
  6 adders
  A white imp (D:8)
  An ufetubus (D:6)
  A worm (D:3)
  17 orcs
  3 bats (D:3)
  5 endoplasms
  6 giant cockroaches
  7 goblins
  6 hobgoblins
  20 kobolds
  A quokka (D:1)
  2 ball pythons
  4 frilled lizards
  4 rats
132 creatures vanquished.

Vanquished Creatures (others)
  A kobold (D:8)
1 creature vanquished.

Grand Total: 133 creatures vanquished

Notes
Turn   | Place    | Note
-------+----------+-------------------------------------------
     0 | D:1      | Citaku the Minotaur Fighter began the quest for the Orb.
     0 | D:1      | Reached XP level 1. HP: 19/19 MP: 0/0
    83 | D:1      | Found a faded altar of an unknown god.
   136 | D:1      | Reached XP level 2. HP: 27/27 MP: 1/1
  1110 | D:2      | You fall into a shaft and drop 1 floor!
  1120 | D:3      | Reached XP level 3. HP: 29/33 MP: 2/2
  1194 | D:3      | Found Sufum's Antique Weapon Emporium.
  1390 | D:3      | Found Goecwuco's Antique Weapon Boutique.
  1445 | D:3      | Found Xieshuemag's Jewellery Shop.
  1485 | D:3      | Reached XP level 4. HP: 35/40 MP: 3/3
  1549 | D:3      | Noticed Ijyb
  1560 | D:3      | Killed Ijyb
  1729 | D:3      | Found Noabbory's Book Boutique.
  1809 | D:4      | Noticed Sigmund
  1814 | D:4      | Killed Sigmund
  1815 | D:4      | Reached skill level 5 in Armour
  1815 | D:4      | Reached XP level 5. HP: 47/47 MP: 4/4
  1815 | D:4      | Reached XP level 6. HP: 53/53 MP: 5/5
  2075 | D:4      | Reached skill level 5 in Axes
  2095 | D:4      | Reached skill level 5 in Fighting
  2112 | D:4      | Reached skill level 5 in Shields
  2245 | D:4      | Reached XP level 7. HP: 26/61 MP: 6/6
  2686 | D:5      | Entered Level 5 of the Dungeon
  2811 | D:5      | Found a runed translucent door.
  2812 | D:5      | Noticed Crazy Yiuf
  2834 | D:5      | Found a shimmering altar of Xom.
  2863 | D:5      | Killed Crazy Yiuf
  3505 | D:6      | Noticed Maggie
  3514 | D:6      | Killed Maggie
  3515 | D:6      | Reached XP level 8. HP: 52/70 MP: 7/7
  3644 | D:6      | Found a staircase to the Ecumenical Temple.
  3680 | Temple   | Entered the Ecumenical Temple
  3878 | Temple   | Became a worshipper of Gozag Ym Sagoz the Greedy
  4198 | D:6      | Found a burning altar of Makhleb.
  4200 | D:6      | Found a glowing golden altar of the Shining One.
  4201 | D:6      | Found a sacrificial altar of Ru.
  4227 | D:6      | Found a radiant altar of Vehumet.
  4230 | D:6      | Found a snail-covered altar of Cheibriados.
  4926 | D:7      | Reached XP level 9. HP: 75/78 MP: 8/8
  5281 | D:8      | HP: 2/78 [electric eel/bolt of electricity (7)]
  6012 | D:8      | Noticed a troll
  6039 | D:7      | Slain by a troll

Illustrated notes

Levels and vault maps discovered:
D:1:      mrwooster_arrival_statue_3, layout_basic,
          ebering_ecumenical_altar_hall, kennysheep_another_room,
          hangedman_decor_push, corexii_corridor_pit
D:2:      layout_basic, serial_shops, nicolae_shop_crystal, minivault_23
D:3:      layout_loops_ring, serial_shops, nicolae_shop_crystal, shop,
          nicolae_shop_trees, nicolae_shop_stone, small_statue_intersection,
          uniq_ijyb
D:4:      layout_loops_ring, uniq_sigmund
D:5:      layout_loops_ring, led_xom_imps, uniq_crazy_yiuf_cottage
D:6:      layout_cave_pools, minmay_overflow_temple_star_hex,
          minmay_temple_entry_antechambers, uniq_maggie
D:7:      layout_loops_ring
D:8:      layout_gridville, water_maze_lemuel
Temple:   regret_index_temple_generic_petals

Skill      XL: |  1  2  3  4  5  6  7  8  9 |
---------------+----------------------------+-----
Armour         | 4 5 6 7 8 9 |  9.7
Axes           | 3 4 5 7 8 9 |  9.3
Fighting       | 4 5 6 7 |  7.2
Shields        | 4 5 6 7 |  7.2

Action                   |  1- 3 |  4- 6 |  7- 9 || total
-------------------------+-------+-------+-------++-------
Melee: War axe           |    88 |    48 |    44 ||   180
       Headbutt          |    12 |    10 |    25 ||    47
       Unarmed           |       |     8 |       ||     8
       Broad axe         |       |       |   130 ||   130
  Use: Potion            |       |     1 |     3 ||     4
       Scroll            |       |       |     2 ||     2
 Stab: Confused          |       |     1 |       ||     1
       Distracted        |       |       |     1 ||     1
Armor: Scale mail        |    29 |    21 |    76 ||   126
       Skin              |       |     2 |       ||     2
Dodge: Dodged            |    38 |    39 |    68 ||   145
Block: Buckler           |    12 |     7 |    39 ||    58

Table legend: (Time is in decaauts)
 A = Elapsed time spent in this place.
 B = Non-inter-level travel time spent in this place.
 C = Inter-level travel time spent in this place.
 D = Time resting spent in this place.
 E = Time spent auto-exploring this place.
 F = Levels seen in this place.
 G = Mean time per level.
                   A        B        C        D        E       F      G
               +--------+--------+--------+--------+--------+-----+--------+
         Total |   6127 |   5887 |    240 |    628 |   4312 |   9 |  680.8 |
       Dungeon |   5881 |   5676 |    205 |    628 |   4121 |   8 |  735.1 |
        Temple |    245 |    210 |     35 |      0 |    191 |   1 |  245.0 |
               +--------+--------+--------+--------+--------+-----+--------+

Top non-repeatable levels by time:
     D:1: 1082 daAuts
     D:4: 889 daAuts
     D:7: 827 daAuts
     D:8: 805 daAuts
     D:5: 766 daAuts
     D:6: 747 daAuts
     D:3: 717 daAuts
  Temple: 245 daAuts
     D:2: 45 daAuts
